 Dungeon Crawl Stone Soup version 0.29.1-15-g9cfb28693d (webtiles) character file.

Game seed: 3162371606519789308

1840 dudediamond6 the Cleaver (level 8, -1/70 HPs)
             Began as a Minotaur Berserker on Feb 27, 2023.
             Was a Priest of Trog.
             Succumbed to a scorpion's poison
             ... on level 5 of the Dungeon.
             The game lasted 00:09:41 (6614 turns).

dudediamond6 the Cleaver (Minotaur Berserker)       Turns: 6614, Time: 00:09:41

Health: -1/70      AC: 13    Str: 23    XL:     8   Next: 87%
Magic:  7/7        EV:  7    Int:  4    God:    Trog [***...]
Gold:   234        SH:  0    Dex: 11    Spells: 7/7 levels left

rFire   . . .      SeeInvis .   q - +2 hand axe (vorpal)
rCold   . . .      Faith    .   (no shield)
rNeg    . . .      Spirit   .   n - +0 plate armour
rPois   .          Reflect  .   (helmet restricted)
rElec   .          Harm     .   p - scarf {repulsion}
rCorr   .          Rampage  .   (no gloves)
Will    +....                   (no boots)
Stlth   ..........              (no amulet)
HPRegen 0.21/turn               t - ring of willpower
MPRegen 0.10/turn               (no ring)

@: lethally poisoned (-1 -> -6), on berserk cooldown, slowed, studying Maces &
Flails, repel missiles, very slow
A: horns 2, retaliatory headbutt
a: Renounce Religion, Berserk, Trog's Hand


You were on level 5 of the Dungeon.
You worshipped Trog.
Trog was most pleased with you.
You visited 1 branch of the dungeon, and saw 6 of its levels.

You collected 234 gold pieces.

Inventory:

Hand Weapons
 a - a +0 hand axe
 q - a +2 vorpal hand axe (weapon)
Armour
 b - a +0 animal skin
 n - a +0 plate armour (worn)
 p - a scarf of repulsion (worn)
Jewellery
 t - a ring of willpower (left hand)
Wands
 y - a wand of iceblast (16)
 D - a wand of mindburst (3)
Scrolls
 d - a scroll of amnesia {unknown}
 g - 2 scrolls of identify
 j - 3 scrolls of enchant armour
 l - 2 scrolls of enchant weapon
 o - 2 scrolls of blinking {unknown}
 s - 2 scrolls of teleportation {unknown}
 u - a scroll of vulnerability {unknown}
 v - a scroll of brand weapon {unknown}
 w - a scroll of fear {unknown}
 x - a scroll of butterflies {unknown}
 A - 4 scrolls of magic mapping {unknown}
 B - a scroll of poison {unknown}
Potions
 c - a potion of mutation {unknown}
 e - a potion of degeneration {unknown}
 f - a potion of invisibility {unknown}
 h - 4 potions of curing {unknown}
 i - a potion of ambrosia {unknown}
 k - 2 potions of brilliance {unknown}
 m - 2 potions of heal wounds {unknown}
 r - 3 potions of cancellation {unknown}
 z - a potion of flight {unknown}
 C - a potion of might {unknown}


   Skills:
 + Level 5.6 Fighting
 - Level 0.1 Short Blades
 - Level 0.1(0.2) Long Blades
 + Level 11.6 Axes
 - Level 0.1 Staves
 - Level 0.1 Ranged Weapons
 - Level 0.1 Throwing
 + Level 7.1 Armour
 - Level 2.1 Dodging
 - Level 0.2 Shields
 - Level 0.1 Unarmed Combat
 - Level 0.1 Invocations
 - Level 0.3 Evocations


You had 7 spell levels left.
You didn't know any spells.
Your spell library was empty.

Dungeon Overview and Level Annotations

Branches:
Dungeon (6/15)             Temple (0/1) D:5

Altars:
Qazlal

Shops:
D:2 (   D:5 (


Innate Abilities, Weirdness & Mutations

You have a pair of horns on your head.
You reflexively headbutt those who attack you in melee.


Message History

A scorpion comes into view.
Unknown command.
You slash the water moccasin!
You kill the water moccasin!
Trog accepts your kill.
You closely miss the shadow imp.
You feel sick. The shadow imp hits you.
Your Armour skill increases to level 7!
You slash the shadow imp!
You kill the shadow imp!
Trog accepts your kill.
You feel sick.
You feel sick.
You feel a strong urge to attack something.
You feel sick.
You feel sick.
You feel your anger nearly subside.
You are no longer berserk.
You are exhausted.
You feel yourself slow down.
You feel sick.
You feel very sick.
You see here a cyan potion.
You feel sick. The scorpion attacks as you move away!
The scorpion stings you but does no damage.
You feel sick.
The scorpion stings you but does no damage.
There is a stone staircase leading up here.
You are no longer corroded.
You feel sick. The scorpion stings you.
* * * LOW HITPOINT WARNING * * *
You are lethally poisoned!
The scorpion poisons you!
You climb upwards.
* * * LOW HITPOINT WARNING * * *
You feel very sick.
There is a stone staircase leading down here.
Aiming: Mindburst
Press: ? - help, Q - select action, (/) - cycle Shift-Dir - straight line, f - scorpion
Aim: a scorpion (chance to affect: 66%)
The scorpion's mind is blasted.
You die...

##..#####.........###...###..##
#..## ##........#......##...#
##..# ##..............P.P##..#
#..###...##........###.###...
##......###...##...P#...#P#..
#.....## #....#......>......
##...## #....#...P#...#P...
##...## #.s....#####.##....
#...## #.@....# #P.P..<.. #
###....# ##.....## ##......#
###......# #.....## #.....##
.#.......#####.....# ##.....#
#...........#......######......#
......##.......................#
#......##....#........#####....#
#.#.....#...###......## ##...#
#.##.......## #......# ##..#


You could see a scorpion.

Vanquished Creatures
  The ghost of Loveship the Grave Robber, a novice FoNe (D:4)
  A water moccasin (D:6)
  3 ogres
  A centaur (D:4)
  A phantom (D:4)
  2 kobold brigands
  A gnoll sergeant (D:5)
  A necrophage (D:4)
  A scorpion (D:4)
  3 jellies
  4 hounds
  4 orc priests
  3 iguanas
  14 gnolls
  8 adders
  A shadow imp (D:6)
  A white imp (D:5)
  2 worms
  5 dart slugs
  7 orcs
  6 bats
  6 endoplasms
  2 giant cockroaches
  2 goblins
  10 hobgoblins
  11 jackals
  37 kobolds
  3 quokkas
  8 ball pythons
  3 frilled lizards
  4 rats
156 creatures vanquished.

Vanquished Creatures (others)
  15 plants (D:5)
15 creatures vanquished.

Grand Total: 171 creatures vanquished

Notes
Turn   | Place    | Note
-------+----------+-------------------------------------------
     0 | D:1      | dudediamond6 the Minotaur Berserker began the quest for the
                  | Orb.
     0 | D:1      | Reached XP level 1. HP: 19/19 MP: 0/0
     2 | D:1      | Noticed a troll
     2 | D:1      | Noticed a vine stalker
     4 | D:1      | Noticed a minotaur
     6 | D:1      | Noticed an ogre
     6 | D:1      | Noticed an elf
     8 | D:1      | Noticed a gargoyle
    10 | D:1      | Noticed a ghoul
    10 | D:1      | Noticed a meteoran
    12 | D:1      | Noticed a felid
    14 | D:1      | Noticed a tengu
    14 | D:1      | Noticed an octopode
    16 | D:1      | Noticed a naga
    16 | D:1      | Noticed a demigod
    18 | D:1      | Noticed a palentonga
    18 | D:1      | Noticed a draconian
    20 | D:1      | Noticed a spriggan
    20 | D:1      | Noticed a human
    22 | D:1      | Noticed a formicid
    22 | D:1      | Noticed a vampire
    24 | D:1      | Noticed a demonspawn
    26 | D:1      | Noticed a gargoyle
    26 | D:1      | Noticed a naga
   611 | D:1      | Reached skill level 4 in Axes
   727 | D:1      | Found a faded altar of an unknown god.
   760 | D:1      | Reached XP level 2. HP: 22/26 MP: 1/1
   942 | D:1      | Reached skill level 5 in Axes
  1095 | D:1      | Reached XP level 3. HP: 29/31 MP: 2/2
  1557 | D:2      | Found Voafos's Antique Weapon Emporium.
  1762 | D:2      | Reached ** piety under Trog
  1841 | D:2      | Reached skill level 6 in Axes
  1841 | D:2      | Reached XP level 4. HP: 39/39 MP: 3/3
  2462 | D:3      | Reached skill level 7 in Axes
  2462 | D:3      | Reached XP level 5. HP: 20/45 MP: 4/4
  2789 | D:3      | Noticed an ogre
  2794 | D:3      | Killed an ogre
  2795 | D:3      | Reached skill level 8 in Axes
  2795 | D:3      | Reached XP level 6. HP: 51/51 MP: 5/5
  3682 | D:4      | Reached skill level 9 in Axes
  3682 | D:4      | Reached XP level 7. HP: 51/59 MP: 6/6
  3701 | D:4      | Reached *** piety under Trog
  4432 | D:4      | Found a runed translucent gate.
  4432 | D:4      | Found a runed translucent gate.
  4432 | D:4      | Found a runed translucent gate.
  4440 | D:4      | Noticed Loveship's ghost (novice FoNe)
  4768 | D:4      | Reached skill level 10 in Axes
  4779 | D:4      | Killed Loveship's ghost
  4780 | D:4      | Reached skill level 5 in Armour
  4780 | D:4      | Reached XP level 8. HP: 67/67 MP: 7/7
  4844 | D:5      | Entered Level 5 of the Dungeon
  4944 | D:5      | Reached skill level 5 in Fighting
  5030 | D:5      | Found Offeig's Antique Weapon Shoppe.
  5155 | D:5      | Reached skill level 11 in Axes
  5455 | D:5      | Found a stormy altar of Qazlal.
  5520 | D:5      | Found a staircase to the Ecumenical Temple.
  6613 | D:5      | HP: 1/70 [poisoned by a scorpion]
  6614 | D:5      | Succumbed to a scorpion's poison

Illustrated notes

Levels and vault maps discovered:
D:1:      kb_arrival_jail, layout_loops_corners,
          shapermc_ecumenical_altar_petra, chequers_jeans
D:2:      layout_loops_ring, serial_shops, shop, kennysheep_generic_room_3
D:3:      minmay_wonky_spiral, layout_loops_ring, minmay_stone_trees_small
D:4:      layout_basic, gammafunk_ghost_nasty_kobolds, minmay_manual_mail
D:5:      kennysheep_kobold_camp, layout_layer_cave, grunt_qazlal_clouds,
          minmay_temple_entry_gardened_gates, serial_shops,
          nicolae_shop_advertising_works [nicolae_subvault_shop_adworks]
D:6:      layout_cave_pools, grunt_ministairs_8, nicolae_sextant

Skill      XL: |  1  2  3  4  5  6  7  8 |
---------------+-------------------------+-----
Axes           | 4 5 6 7 8 9 10 11 | 11.6
Armour         | 3 5 7 |  7.1
Fighting       | 4 5 |  5.6
Short Blades   | |  0.1
Long Blades    | |  0.1
Staves         | |  0.1
Ranged Weapons | |  0.1
Throwing       | |  0.1
Dodging        | |  2.1
Shields        | |  0.2
Unarmed Combat | |  0.1
Invocations    | |  0.1
Evocations     | |  0.3

Action                   |  1- 3 |  4- 6 |  7- 9 || total
-------------------------+-------+-------+-------++-------
Melee: Hand axe          |    63 |   116 |   159 ||   338
       Headbutt          |    13 |    17 |    17 ||    47
       Punch             |       |     1 |     2 ||     3
Invok: Berserk           |       |     2 |     6 ||     8
       Trog's Hand       |       |       |     1 ||     1
Evoke: Wand              |       |       |     1 ||     1
  Use: Scroll            |       |       |     2 ||     2
Armor: Animal skin       |    13 |     1 |       ||    14
       Plate armour      |       |    61 |    68 ||   129
Dodge: Dodged            |    57 |    42 |    44 ||   143
       Repelled          |       |       |     1 ||     1
